AoeStats
← uditm999

Northern Isles

510350165Analyzed
1v1 RM · 21h ago on Sep 30, 2026· 16m 38s· 2 players
Game mode
Random Map
Map size
Tiny (2 player)
Population
200
Speed
Normal
Resources
Standard
Victory
Conquest
Starting age
Dark Age
Ending age
Imperial Age
RankedLock teamsTeams togetherTeam positionsShared explorationLock speedFull tech treeHidden civsTurbo modeCheats
Victory
Defeat
🇦🇷 Tatars · Argentina
809
+14
🇮🇳 Malay · India
775
-14
uditm999
12:35 Feudal Age
16:04 Castle Age
14:17 Stone Mining
14:56 Forging
15:46 Fletching
16:13 Loom
16:54 Bodkin Arrow
stabile.aa
6:37 Loom
11:28 Feudal Age
Connection lost

Rejoining the realm…

Still unreachable

The connection could not be restored.

Session expired

The server has moved on; the page needs a fresh start.